Map: Thunderbird LE

Players

Hydra

  • Race: Zerg Zerg
  • Spawn Location: 11:00

Hydra - Winner!

  • Race: Zerg Zerg
  • League: Diamond
  • Spawn Location: 5:00

VOD

Have the link to the VOD?

Description

Time

  • Played on: Aug. 8, 2019, 4:23 a.m.
  • Length: 12:09
Show
View Real Time Build Order
Export as new Build Order

Hydra Zerg 

Build Orders: Hatch First 

Get SALT Encoding   

  12  0:02  Drone  
  13  0:13  Overlord  
  13  0:16  Drone  
  14  0:31  Drone x2  
  16  0:36  Drone  
  17  0:56  Drone  
  18  0:57  Hatchery  
  18  0:58  Drone  
  18  1:10  Extractor  
  17  1:14  Spawning Pool  
  17  1:16  Drone  
  17  1:20  Drone  
  18  1:28  Drone  
  19  1:39  Overlord  
  19  2:01  Queen  
  19  2:03  Zergling x2  
  19  2:04  Zergling x2  
  23  2:08  Queen  
  23  2:09  Zergling x2  
  23  2:12  Zergling x2  
  23  2:15  Metabolic Boost  
  27  2:22  Drone x2  
  29  2:30  Drone  
  29  2:33  Drone  
  31  2:41  Drone  
  32  2:44  Queen  
  32  2:50  Baneling Nest  
  32  2:51  Drone  
  34  2:52  Drone  
  34  2:57  Zergling x2  
  36  3:06  Overlord  
  36  3:23  Evolution Chamber  
  36  3:24  Zergling x4, Evolution Chamber  
  36  3:25  Zergling x4  
  38  3:28  Drone x2  
  36  3:42  Zergling x4  
  36  3:43  Zergling x8  
  31  3:56  Zergling x4  
  28  4:03  Baneling  
  28  4:04  Baneling  
  28  4:05  Drone x2  
  29  4:12  Queen  
  29  4:16  Zerg Ground Armor Level 1  
  31  4:18  Drone x2  
  31  4:21  Drone  
  34  4:31  Drone x4  
  36  4:36  Baneling  
  38  4:43  Zergling x8  
  38  4:57  Zergling x8  
  42  5:12  Zergling x4  
  43  5:15  Overlord  
  42  5:31  Extractor  
  42  5:32  Extractor, Baneling x2  
  42  5:33  Zergling x6  
  42  5:34  Zergling x4  
  45  5:41  Baneling  
  42  5:55  Zergling x6  
  44  5:59  Zerg Melee Weapons Level 1  
  44  6:04  Drone  
  44  6:05  Drone x4  
  48  6:22  Zergling x6  
  42  6:34  Zergling x6  
  40  6:41  Zergling x2  
  40  6:45  Zergling x4  
  43  6:51  Lair  
  43  6:55  Extractor, Zergling x2  
  43  6:56  Zergling x2  
  44  7:07  Zergling x4  
  42  7:10  Zergling x4  
  42  7:14  Zergling x2  
  42  7:21  Queen  
  44  7:24  Overlord x2  
  44  7:25  Zergling x4  
  44  7:26  Zergling x2  
  47  7:34  Hatchery  
  46  7:37  Drone x2  
  48  7:46  Zergling x8  
  49  7:56  Spire  
  48  8:05  Zergling x4  
  48  8:06  Zergling x6  
  52  8:13  Zergling x2  
  52  8:14  Zergling x6  
  52  8:15  Baneling  
  52  8:16  Baneling  
  52  8:17  Zergling x2  
  52  8:18  Zergling x6  
  60  8:34  Drone x2  
  62  8:38  Zerg Ground Armor Level 2  
  62  8:50  Drone x4  
  62  8:53  Drone  
  62  8:54  Drone  
  68  8:58  Drone x2  
  68  8:59  Drone x2  
  68  9:00  Drone  
  69  9:12  Mutalisk x2  
  69  9:13  Mutalisk  
  62  9:20  Zergling x2  
  62  9:21  Zergling x8  
  59  9:32  Zergling x2  
  59  9:33  Zergling x12  
  65  9:44  Mutalisk x2  
  49  9:56  Mutalisk x2  
  45  10:05  Mutalisk x2  
  45  10:12  Drone  
  45  10:14  Drone  
  47  10:19  Zergling x2  
  48  10:25  Drone x2  
  50  10:31  Drone x2  
  52  10:47  Mutalisk x2  
  56  10:57  Zergling x2  
  56  10:58  Zergling x2  
  56  11:03  Overlord  
  58  11:19  Overlord  
  58  11:21  Overlord  
  58  11:28  Baneling  
  58  11:29  Baneling x3  
  58  11:34  Drone x4  
  58  11:39  Drone x2  
  64  11:45  Drone x2  
  64  11:46  Drone  
  67  11:51  Zergling x4  
Show
View Real Time Build Order
Export as new Build Order

Hydra Zerg - Winner!

Build Orders: Hatch First, Zergling Baneling 

Get SALT Encoding   

  12  0:00  Drone  
  13  0:12  Overlord  
  13  0:16  Drone  
  14  0:31  Drone x2  
  14  0:34  Drone  
  17  0:52  Hatchery  
  17  0:55  Drone  
  17  0:57  Extractor  
  17  0:59  Drone  
  17  1:14  Spawning Pool  
  17  1:17  Drone  
  17  1:21  Drone  
  18  1:28  Drone  
  19  1:40  Overlord  
  19  2:00  Queen, Metabolic Boost  
  21  2:01  Zergling x2  
  21  2:02  Zergling x2  
  21  2:04  Zergling x2  
  24  2:11  Drone  
  24  2:15  Drone  
  26  2:22  Baneling Nest, Zergling x2  
  26  2:28  Zergling x2  
  27  2:34  Queen  
  27  2:35  Zergling x2  
  30  2:37  Zergling x2  
  31  2:46  Zergling x2  
  31  2:49  Zergling x2  
  33  2:55  Overlord  
  33  2:58  Zergling x2  
  34  3:14  Zergling x2, Overlord  
  34  3:15  Zergling x6  
  34  3:18  Baneling x2  
  34  3:19  Baneling x2  
  38  3:29  Drone  
  38  3:30  Drone  
  34  3:49  Zergling x2  
  34  3:50  Zergling x12  
  41  3:59  Zergling x2  
  41  4:00  Zergling x6, Overlord  
  42  4:10  Baneling x3  
  42  4:11  Zergling x4  
  44  4:30  Baneling x2  
  44  4:31  Baneling  
  37  4:59  Drone x11, Roach Warren  
  46  5:16  Drone  
  46  5:17  Drone  
  48  5:29  Hatchery  
  45  5:44  Roach x7  
  45  5:45  Overlord  
  45  5:48  Extractor  
  58  5:55  Overlord x2  
  57  6:07  Lair  
  57  6:10  Drone x2  
  54  6:33  Roach x6  
  54  6:36  Roach  
  66  6:44  Queen  
  66  6:45  Drone  
  66  6:46  Drone x3  
  72  6:53  Roach  
  74  6:58  Spore Crawler  
  74  7:01  Drone  
  74  7:02  Drone  
  69  7:10  Zergling x6  
  68  7:16  Drone x2  
  68  7:17  Drone x5  
  71  7:24  Drone x2  
  71  7:25  Drone  
  71  7:28  Extractor x2  
  71  7:51  Roach  
  71  7:52  Roach x8  
  71  7:55  Overlord  
  71  7:56  Overlord x3  
  89  8:09  Hydralisk Den  
  89  8:10  Roach, Overlord x2  
  90  8:15  Overlord x3  
  90  8:22  Drone, Extractor  
  90  8:23  Drone, Extractor  
  90  8:44  Glial Reconstitution, Grooved Spines  
  90  8:46  Hydralisk  
  90  8:47  Hydralisk x3  
  98  9:14  Hydralisk  
  98  9:15  Hydralisk x7  
  100  9:42  Hydralisk x8  
  100  9:43  Hydralisk  
  118  9:46  Drone  
  111  9:56  Muscular Augments  
  105  10:04  Roach x4  
  101  10:11  Evolution Chamber  
  101  10:12  Evolution Chamber  
  93  10:22  Roach x2  
  93  10:23  Roach x10  
  93  10:24  Overseer  
  93  10:25  Overseer  
  93  10:27  Pneumatized Carapace  
  117  10:33  Spore Crawler  
  114  10:50  Queen  
  114  10:55  Spore Crawler  
  112  11:00  Spore Crawler  
  112  11:01  Drone x7, Overlord x2  
  112  11:02  Overlord  
  118  11:21  Drone x5  
  118  11:22  Drone  
  118  11:25  Roach x2  
Tags
 
Add a new tag
Caveats
  • Supply blocks, unpowered buildings, or Contaminate may cause inaccurate times.
  • Supply counts are checked every 10 seconds.